 Dungeon Crawl Stone Soup version 0.26-a0-661-g406de6ba63 (webtiles) character file.

Game seed: 12547480729569302260

161795 lunkers the Spry (level 18, 0/118 HPs)
             Began as a Kobold Delver on Oct 8, 2020.
             Was a High Priest of Uskayaw.
             Slain by a tarantella (9 damage)
             ... on level 3 of the Lair of Beasts.
             The game lasted 01:04:33 (32947 turns).

lunkers the Spry (Kobold Delver)                   Turns: 32947, Time: 01:04:34

Health: 0/118      AC: 26    Str: 11    XL:     18   Next: 12%
Magic:  28/28      EV: 26    Int: 14    God:    Uskayaw [*****.]
Gold:   93         SH:  0    Dex: 26    Spells: 17/17 levels left

rFire    + + .     SeeInvis .   b - +7 eveningstar (protect)
rCold    + + .     Faith    .   m - +2 shield of Resistance {rF++ rC++ MR++}
rNeg     . . .     Spirit   .   k - +3 ring mail "Zangej" {+Blink Str+4 Dex+4 Stlth-}
rPois    .         Reflect  .   u - +1 helmet
rElec    .         Harm     .   Y - +2 cloak
rCorr    .         Rampage  .   U - +0 pair of gloves
MR       +++..                  x - +0 pair of boots
Stlth    +++.......             H - amulet of regeneration
HPRegen  0.69/turn              r - +4 ring of protection
MPRegen  0.21/turn              L - ring of Sloth {+Fly Str-4 Int+2 Slay+4 Stlth+}

@: confused, lethally poisoned (0 -> -1), protection aura
A: small, nightstalker 3
}: 1/15 runes: decaying
a: Stomp, Line Pass, Grand Finale, Renounce Religion, Evoke Blink, Evoke Flight


You were on level 3 of the Lair of Beasts.
You worshipped Uskayaw.
Uskayaw was pleased with you.
You visited 6 branches of the dungeon, and saw 28 of its levels.
You also visited: Gauntlet.

You collected 2522 gold pieces.
You spent 2429 gold pieces at shops.

Inventory:

Hand Weapons
 a - a +3 short sword of electrocution
 b - a +7 eveningstar of protection (weapon)
Missiles
 w - 14 atropa-tipped darts {=f}
 A - 8 throwing nets {=f}
 O - 6 curare-tipped darts {=f}
 Z - 8 datura-tipped darts {=f}
Armour
 k - the +3 ring mail "Zangej" (worn) {+Blink Str+4 Dex+4 Stlth-}
   (You found it on level 4 of the Dungeon)

   It affects your strength (+4).
   It affects your dexterity (+4).
   It lets you blink.
   It makes you less stealthy.
 m - the +2 shield of Resistance (worn) {rF++ rC++ MR++}
   (You bought it in a shop on level 2 of the Orcish Mines)

   It greatly protects you from fire.
   It greatly protects you from cold.
   It affects your resistance to hostile enchantments.
 u - a +1 helmet (worn)
 x - a +0 pair of boots (worn)
 U - a +0 pair of gloves (worn)
 Y - a +2 cloak (worn)
Jewellery
 r - a +4 ring of protection (left hand)
 H - an amulet of regeneration (around neck)
 K - the amulet of the Four Winds {rN+ MR+++ Clar}
   (You found it in a Gauntlet)

   [amulet of nothing]

   It protects you from negative energy.
   It affects your resistance to hostile enchantments.
   It protects you against confusion.
 L - the ring of Sloth (right hand) {+Fly Str-4 Int+2 Slay+4 Stlth+}
   (You found it on level 10 of the Dungeon)

   [ring of slaying]

   It affects your strength (-4).
   It affects your intelligence (+2).
   It affects your accuracy and damage with ranged weapons and melee attacks
   (+4).
   It lets you fly.
   It makes you more stealthy.
Wands
 g - a wand of digging (6)
 j - a wand of iceblast (26)
 z - a wand of enslavement (13)
 B - a wand of random effects (18)
 D - a wand of flame (27)
 F - a wand of acid (3)
 I - a wand of paralysis (5)
 Q - a wand of disintegration (31)
Scrolls
 c - 5 scrolls of fog
 d - 5 scrolls of magic mapping
 e - 7 scrolls of fear
 p - 2 scrolls of blinking
 q - 9 scrolls of remove curse
 y - 3 scrolls of identify
 J - 6 scrolls of teleportation
 M - 3 scrolls of holy word
 N - a scroll of vulnerability
 S - 6 scrolls of enchant armour
 W - 3 scrolls of silence
Potions
 f - 10 potions of haste
 h - 5 potions of stabbing
 i - 11 potions of curing
 l - 5 potions of heal wounds
 s - 7 potions of ambrosia
 v - 6 potions of flight
 C - a potion of cancellation
 E - 4 potions of magic
 G - 5 potions of berserk rage
 V - a potion of resistance
 X - 2 potions of invisibility
Miscellaneous
 n - a box of beasts (3/3)
 t - a condenser vane (2/2)
 P - a tin of tremorstones (2/3)
 T - a phial of floods


   Skills:
 - Level 14.8 Fighting
 - Level 12.0 Short Blades
 * Level 12.4 Maces & Flails
 - Level 4.0 Throwing
 - Level 15.8 Dodging
 - Level 12.0 Stealth
 + Level 5.9 Shields
 - Level 14.2 Invocations
 - Level 9.0 Evocations


You had 17 spell levels left.
You didn't know any spells.
Your spell library contained the following spells:

 Spells                   Type           Power        Failure   Level
 Animate Skeleton         Necr           #.....       96%         1
 Apportation              Tloc           #.....       96%         1
 Beastly Appendage        Tmut           #.....       96%         1
 Corona                   Hex            #......      96%         1
 Shock                    Conj/Air       #...         96%         1
 Summon Small Mammal      Summ           #...         96%         1
 Corpse Rot               Necr/Air       N/A          99%         2
 Ensorcelled Hibernation  Hex/Ice        #.....       99%         2
 Swiftness                Air            #.......     99%         2
 Wereblood                Tmut           #.......     99%         2
 Confusing Touch          Hex            #.......     100%        3
 Dazzling Flash           Conj/Hex       #.....       100%        3
 Gell's Gravitas          Tloc           #.........   100%        3
 Spider Form              Tmut/Pois      #.........   100%        3
 Static Discharge         Conj/Air       #.......     100%        3
 Stone Arrow              Conj/Erth      #.....       100%        3
 Tukima's Dance           Hex            #.......     100%        3
 Airstrike                Air            #.........   100%        4
 Animate Dead             Necr           #.........   100%        4
 Ice Form                 Ice/Tmut       #.......     100%        4
 Leda's Liquefaction      Hex/Erth       #.........   100%        4
 Petrify                  Tmut/Erth      #.......     100%        4
 Summon Lightning Spire   Summ/Air       #.......     100%        4
 Blade Hands              Tmut           #.........   100%        5
 Bolt of Magma            Conj/Fire/Erth #.........   100%        5
 Borgnjor's Vile Clutch   Necr/Erth      #.........   100%        5
 Lightning Bolt           Conj/Air       #.........   100%        5
 Metabolic Englaciation   Hex/Ice        #.........   100%        5
 Silence                  Hex/Air        #.........   100%        5
 Summon Forest            Summ/Tloc      #.........   100%        5
 Yara's Violent Unravell  Hex/Tmut       #.........   100%        5
 Conjure Ball Lightning   Conj/Air       #.........   100%        6
 Death Channel            Necr           #.........   100%        6
 Eringya's Noxious Bog    Tmut/Pois      #.........   100%        6
 Hydra Form               Tmut           #.........   100%        6
 Iron Shot                Conj/Erth      #.........   100%        6
 Simulacrum               Ice/Necr       #.........   100%        6
 Statue Form              Tmut/Erth      #........    100%        6
 Summon Hydra             Summ           #.........   100%        7
 Ignition                 Fire           #.........   100%        8
 Shatter                  Erth           #.........   100%        9
 Tornado                  Air            #.........   100%        9


Dungeon Overview and Level Annotations

Branches:
Dungeon (14/15)            Temple (1/1) D:5            Lair (6/6) D:11
  Swamp (4/4) Lair:2       Spider (1/4) Lair:3        Slime (0/5) Lair:6
    Orc (2/2) D:11            Elf (0/3) Orc:2        Vaults (0/5) D:14
Gauntlet (visited)

Altars:
Ashenzari
Cheibriados
Dithmenos
Elyvilon
Fedhas
Gozag
Hepliaklqana
Kikubaaqudgha
Makhleb
Nemelex Xobeh
Okawaru
Qazlal
Ru
Sif Muna
Trog
Uskayaw
Vehumet
Wu Jian
Xom
Yredelemnul
Zin
The Shining One

Shops:
D:6 (   Orc:2 =[*(

Portals:
Trove: D:12 (give 14 potions of heal wounds)

Annotations:
Lair:3 3 runed translucent doors, Feulaj's ghost, journeyman MiBe
Lair:6 1 runed translucent door
Swamp:2 3 runed translucent doors, lunkers's ghost, adept KoDe
Swamp:4 Roxanne


Innate Abilities, Weirdness & Mutations

You are small and have problems with some larger weapons.
You are completely attuned to the shadows.


Message History

The tarantella is lightly wounded.
You feel sick. The tarantella completely misses you.
The redback barely misses you. You block the tarantella's attack.
The redback bites you but does no damage.
Unknown command.
You sock the tarantella!
The tarantella is heavily wounded.
You feel sick. You block the tarantella's attack. The redback bites you!
* * * LOW HITPOINT WARNING * * *
You puncture the tarantella!
The tarantella is almost dead.
You feel sick. The tarantella closely misses you.
You block the redback's attack. The tarantella bites you!
* * * LOW HITPOINT WARNING * * *
You are confused.
The redback completely misses you.
You closely miss the tarantella.
The tarantella is almost dead.
You feel sick. The tarantella bites you!
You die...

###.......###########.
###P...>.....### ##
#..............#
##......^.....##
##.#........^..#
#..##^........##
##.##^^..^###.#
#..#^^s^^^####
#.).#^@^^###.#
#....s^^##^..#
##^^...##^...##
####^^..........##
#..##^^.^....^..P#
##..#^##...^...###
#....##........#
#P...........###
#............#


You could see a tarantella and a redback.

Vanquished Creatures
  Jorgrun (Spider:1)
  3 thorn hunters
  Aizul (Swamp:3)
  An ironheart preserver (D:14)
  Nessos (Lair:4)
  Snorg (D:12)
  A minotaur (Gauntlet)
  2 green deaths (Gauntlet)
  18 hydras
  Harold (D:9)
  4 boulder beetles
  A shambling mangrove (Swamp:4)
  2 ghost crabs
  A catoblepas (Lair:3)
  9 alligators
  Erolcha (D:10)
  2 centaur warriors (D:13)
  20 two-headed ogres
  4 ogre magi (Orc:2)
  2 spriggan berserkers (Swamp:4)
  An orc high priest (Orc:2)
  Sonja (Lair:1)
  Nergalle (Lair:1)
  An unseen horror (D:12)
  8 swamp dragons
  A spriggan druid (Swamp:2)
  2 lindwurms (Lair:6)
  A wolf spider zombie (D:14)
  2 orc sorcerers (Orc:1)
  2 oklob plants
  3 orc knights (Orc:1)
  6 deep elf magi
  3 wolf spiders
  6 ugly things
  4 cyclopes
  2 orb spiders (Spider:1)
  4 manticores
  14 elephants
  8 black mambas
  2 gargoyles (D:13)
  A centaur skeleton (D:14)
  5 torpor snails (Lair:6)
  17 cane toads
  3 orange demons (Gauntlet)
  A rime drake (Lair:5)
  An efreet (D:13)
  5 yaktaurs (D:12)
  3 komodo dragons
  2 kobold demonologists (D:14)
  2 tengu conjurers
  A queen bee (D:14)
  6 trolls
  3 meliai (D:14)
  4 jumping spiders (Spider:1)
  12 tyrant leeches
  12 polar bears
  11 hornets
  30 slime creatures
  3 raiju (Lair:6)
  11 blink frogs
  7 dream sheep (Lair:6)
  7 bog bodies
  A centaur simulacrum (D:13)
  4 shadows
  A vampire (D:14)
  2 tarantellas (Spider:1)
  4 redbacks
  A wyvern (Lair:5)
  Eustachio (D:5)
  26 yaks
  3 wraiths
  2 steam dragons
  6 vampire mosquitoes
  3 basilisks
  8 wargs
  21 swamp worms
  2 acid dragons
  24 insubstantial wisps
  11 water moccasins
  12 hell hounds (Lair:6)
  12 swamp drakes
  A necrophage (D:11)
  2 ice beasts (D:13)
  18 orc warriors
  3 phantoms
  4 sky beasts
  12 black bears
  32 ogres
  17 wolves
  10 centaurs
  6 big kobolds
  Blork the orc (D:4)
  A wyvern zombie (D:6)
  21 bullfrogs
  A water moccasin skeleton (D:6)
  5 scorpions
  31 killer bees
  3 electric eels
  10 wights
  A howler monkey (D:4)
  5 centaur zombies
  A quasit (D:9)
  5 jellies
  A bullfrog zombie (D:12)
  6 hounds
  15 orc priests
  25 orc wizards
  6 iguanas
  Natasha (thrice) (D:2)
  7 worker ants
  A killer bee zombie (D:8)
  A hound skeleton (D:6)
  Robin (D:2)
  3 gnolls (D:9)
  3 worker ant zombies
  2 howler monkey skeletons
  11 adders
  2 shadow imps (D:7)
  2 white imps
  An ufetubus (D:9)
  7 oozes
  A worm (D:2)
  2 dart slugs (D:2)
  5 leopard geckos
  93 orcs
  A ball python (D:1)
  13 bats
  6 giant cockroaches
  22 goblins
  10 hobgoblins
  14 jackals
  14 kobolds
  5 quokkas
  4 frilled lizards
  A quokka zombie (D:5)
  14 rats
931 creatures vanquished.

Vanquished Creatures (others)
  An orc warrior (D:13)
  An orc (Orc:1)
  12 fungi
  45 plants
59 creatures vanquished.

Grand Total: 990 creatures vanquished

Notes
Turn   | Place    | Note
-------+----------+-------------------------------------------
     0 | D:5      | lunkers the Kobold Delver began the quest for the Orb.
     0 | D:5      | Reached XP level 1. HP: 14/14 MP: 1/1
    23 | D:5      | Noticed a hound
    39 | D:5      | Noticed Eustachio
    45 | D:5      | Killed Eustachio
    45 | D:5      | Reached skill level 5 in Short Blades
    45 | D:5      | Reached XP level 2. HP: 13/19 MP: 2/2
    45 | D:5      | Reached XP level 3. HP: 16/23 MP: 3/3
    45 | D:5      | Reached XP level 4. HP: 19/28 MP: 4/4
    45 | D:5      | Reached XP level 5. HP: 22/32 MP: 5/5
    72 | D:5      | Noticed an ogre
   116 | D:5      | Reached skill level 1 in Evocations
   116 | D:5      | Reached XP level 6. HP: 15/37 MP: 6/6
   362 | D:4      | Got a warped ring mail
   373 | D:4      | Identified the +3 ring mail "Zangej" {+Blink Str+4 Dex+4
                  | Stlth-} (You found it on level 4 of the Dungeon)
   518 | D:4      | Noticed Blork the orc
  1017 | D:5      | Killed an ogre
  1017 | D:5      | Reached XP level 7. HP: 41/41 MP: 7/7
  1166 | D:5      | Found a staircase to the Ecumenical Temple.
  3082 | D:2      | Noticed Robin
  3156 | D:2      | Reached skill level 10 in Stealth
  3179 | D:2      | Killed Robin
  3403 | D:2      | Noticed Natasha
  3408 | D:2      | Killed Natasha
  3532 | D:2      | Noticed Natasha
  3558 | D:2      | Killed Natasha
  3649 | D:2      | Noticed Natasha
  3659 | D:2      | Killed Natasha
  3831 | D:2      | Found a white marble altar of Elyvilon.
  4516 | D:3      | Reached XP level 8. HP: 46/46 MP: 8/8
  5165 | D:4      | Reached skill level 1 in Throwing
  5238 | D:4      | Killed Blork the orc
  5238 | D:4      | Reached skill level 3 in Dodging
  6078 | D:6      | Found Xiojulen's Weapon Boutique.
  6098 | Temple   | Entered the Ecumenical Temple
  6453 | Temple   | Became a worshipper of Uskayaw the Reveler
  6481 | D:6      | Reached * piety under Uskayaw
  6591 | D:6      | Reached skill level 4 in Dodging
  6614 | D:6      | Reached ** piety under Uskayaw
  6722 | D:6      | Found an iron altar of Okawaru.
  6797 | D:6      | Reached *** piety under Uskayaw
  6798 | D:6      | Reached XP level 9. HP: 52/52 MP: 9/9
  6799 | D:6      | Reached **** piety under Uskayaw
  7137 | D:7      | Reached skill level 1 in Invocations
  7253 | D:7      | Found a bloodstained altar of Trog.
  7368 | D:7      | Found a white marble altar of Elyvilon.
  7381 | D:7      | Reached skill level 10 in Short Blades
  7690 | D:7      | Reached skill level 5 in Fighting
  7894 | D:7      | Reached skill level 5 in Dodging
  9160 | D:8      | Reached XP level 10. HP: 59/59 MP: 12/12
  9435 | D:9      | Noticed Harold
  9444 | D:9      | Killed Harold
  9444 | D:9      | Reached skill level 6 in Dodging
  9711 | D:9      | Noticed a two-headed ogre
  9723 | D:9      | Reached ***** piety under Uskayaw
  9725 | D:9      | Killed a two-headed ogre
  9863 | D:9      | Reached skill level 7 in Dodging
  9960 | D:9      | Reached XP level 11. HP: 66/66 MP: 14/14
  9961 | D:9      | Reached skill level 5 in Invocations
 10220 | D:10     | Entered Level 10 of the Dungeon
 10220 | D:10     | Noticed Erolcha
 10224 | D:10     | Killed Erolcha
 10224 | D:10     | Reached skill level 8 in Dodging
 10330 | D:10     | Noticed a cyclops
 10334 | D:10     | Killed a cyclops
 10474 | D:10     | Noticed a manticore
 10478 | D:10     | Killed a manticore
 10514 | D:10     | Noticed a two-headed ogre
 10523 | D:10     | Killed a two-headed ogre
 10769 | D:10     | Got a wavering steel ring
 10830 | D:10     | Found a shimmering altar of Xom.
 11025 | D:10     | Reached skill level 9 in Dodging
 11534 | D:11     | Found a staircase to the Lair.
 11614 | D:11     | Identified the ring of Sloth {+Fly Str-4 Int+2 Slay+4
                  | Stlth+} (You found it on level 10 of the Dungeon)
 11726 | D:11     | Noticed a boulder beetle
 11975 | D:11     | Killed a boulder beetle
 12062 | D:11     | Found a staircase to the Orcish Mines.
 12155 | D:11     | Noticed a four-headed hydra
 12171 | D:11     | Killed a four-headed hydra
 12171 | D:11     | Reached XP level 12. HP: 35/76 MP: 17/17
 12648 | Lair:1   | Entered Level 1 of the Lair of Beasts
 12697 | Lair:1   | Reached skill level 10 in Dodging
 12788 | Lair:1   | Noticed Sonja
 12792 | Lair:1   | Killed Sonja
 12957 | Lair:1   | Noticed Nergalle
 12961 | Lair:1   | Killed Nergalle
 13404 | Lair:2   | Found a shadowy altar of Dithmenos.
 13418 | Lair:2   | Reached skill level 10 in Fighting
 13487 | Lair:2   | Noticed a four-headed hydra
 13495 | Lair:2   | Killed a four-headed hydra
 13768 | Lair:2   | Found a staircase to the Swamp.
 13800 | Lair:2   | Reached skill level 11 in Dodging
 14410 | Lair:3   | Found a gate leading to a gauntlet.
 14441 | Gauntlet | Entered a Gauntlet
 14452 | Gauntlet | Found a transporter.
 14452 | Gauntlet | Found a transporter.
 14452 | Gauntlet | Noticed a green death
 14469 | Gauntlet | Found a transporter.
 14472 | Gauntlet | Found the amulet of the Four Winds {rN+ MR+++ Clar}
 14491 | Gauntlet | Found a transporter.
 14506 | Gauntlet | Found a transporter.
 14513 | Gauntlet | Found a transporter.
 14537 | Gauntlet | Found a transporter.
 14539 | Gauntlet | Noticed a death ooze
 14545 | Gauntlet | Found a transporter.
 14568 | Gauntlet | Found a transporter.
 14575 | Gauntlet | Found a transporter.
 14585 | Gauntlet | Noticed a green death
 14597 | Gauntlet | Found a transporter.
 14666 | Gauntlet | Found a transporter.
 14798 | Gauntlet | Killed a green death
 14803 | Gauntlet | Reached XP level 13. HP: 59/84 MP: 20/20
 14880 | Gauntlet | Killed a green death
 14880 | Gauntlet | Reached skill level 10 in Invocations
 14934 | Gauntlet | Noticed a minotaur
 14951 | Gauntlet | Killed a minotaur
 15072 | Lair:3   | Found a runed translucent gate.
 15076 | Lair:3   | Found a runed translucent gate.
 15077 | Lair:3   | Found a runed translucent gate.
 15079 | Lair:3   | Noticed Feulaj's ghost (journeyman MiBe)
 15203 | Lair:3   | Noticed an eight-headed hydra
 15210 | Lair:3   | Killed an eight-headed hydra
 15210 | Lair:3   | Reached skill level 12 in Dodging
 15352 | Lair:3   | Found a hole to the Spider Nest.
 15487 | Lair:3   | Noticed a catoblepas
 15491 | Lair:3   | Killed a catoblepas
 15511 | Lair:3   | Noticed a seven-headed hydra
 15524 | Lair:3   | Killed a seven-headed hydra
 15524 | Lair:3   | Reached skill level 5 in Evocations
 16281 | Lair:4   | Noticed Nessos
 16285 | Lair:4   | Killed Nessos
 16421 | Lair:4   | You fall into a shaft and drop 1 floor!
 16857 | Lair:5   | Reached skill level 13 in Dodging
 16857 | Lair:5   | Reached XP level 14. HP: 92/92 MP: 22/22
 17662 | Lair:6   | Entered Level 6 of the Lair of Beasts
 18137 | Lair:6   | Found a runed translucent door.
 18360 | Lair:6   | Paralysed by a hornet for 3 turns
 18995 | Lair:6   | Reached skill level 14 in Dodging
 19381 | Lair:6   | Reached XP level 15. HP: 99/99 MP: 24/24
 19448 | Lair:6   | Found a staircase to the Slime Pits.
 19992 | Orc:1    | Entered Level 1 of the Orcish Mines
 20080 | Orc:1    | Reached ****** piety under Uskayaw
 20461 | Orc:2    | Entered Level 2 of the Orcish Mines
 20621 | Orc:2    | Found a staircase to the Elven Halls.
 21169 | Orc:2    | Reached skill level 15 in Dodging
 21585 | Orc:2    | Found Fuqa's General Store.
 21585 | Orc:2    | Found Fum Buw's Antique Weapon Shoppe.
 21586 | Orc:2    | Found Xetzuj's Jewellery Emporium.
 21586 | Orc:2    | Found Qiriw's Antique Armour Shop.
 21594 | Orc:2    | Bought a buckler for 139 gold pieces
 21621 | Orc:2    | Bought a bloodstained ring mail for 279 gold pieces
 21631 | Orc:2    | Identified the +0 ring mail of the Saviour {MR+} (You
                  | bought it in a shop on level 2 of the Orcish Mines)
 21730 | Orc:2    | Reached skill level 1 in Shields
 22354 | D:12     | Noticed Snorg
 22358 | D:12     | Killed Snorg
 22598 | D:12     | Found a portal to a secret trove of treasure.
 22988 | D:12     | Reached XP level 16. HP: 98/107 MP: 26/26
 24725 | D:14     | Reached skill level 1 in Maces & Flails
 25130 | D:14     | Reached skill level 5 in Shields
 25533 | D:14     | Found a gate to the Vaults.
 26047 | Swamp:1  | Entered Level 1 of the Swamp
 26103 | Swamp:1  | Reached skill level 5 in Maces & Flails
 26198 | Swamp:1  | Noticed a thorn hunter
 27248 | Swamp:1  | Killed a thorn hunter
 27767 | Swamp:2  | Reached XP level 17. HP: 94/112 MP: 27/27
 28277 | Swamp:2  | Found a runed translucent gate.
 28288 | Swamp:2  | Noticed lunkers's ghost (adept KoDe)
 28305 | Swamp:2  | Found a runed translucent gate.
 28311 | Swamp:2  | Found a runed translucent gate.
 28971 | Swamp:3  | Noticed a thorn hunter
 29008 | Swamp:3  | Killed a thorn hunter
 29057 | Swamp:3  | Noticed Aizul
 29072 | Swamp:3  | Killed Aizul
 30333 | Swamp:4  | Entered Level 4 of the Swamp
 30350 | Swamp:4  | Reached skill level 10 in Maces & Flails
 30480 | Swamp:4  | Identified Roxanne's Disquisition on Moulding
 30480 | Swamp:4  | Noticed Roxanne
 31952 | Swamp:4  | Noticed a thorn hunter
 31962 | Swamp:4  | Killed a thorn hunter
 32114 | Swamp:4  | Got a decaying rune of Zot
 32497 | Orc:2    | Bought the +2 shield of Resistance {rF++ rC++ MR++} for
                  | 2011 gold pieces
 32497 | Orc:2    | Found the +2 shield of Resistance {rF++ rC++ MR++}
 32518 | Orc:2    | Reached XP level 18. HP: 118/118 MP: 28/28
 32671 | Spider:1 | Entered Level 1 of the Spider Nest
 32676 | Spider:1 | Noticed Jorgrun
 32693 | Spider:1 | Killed Jorgrun
 32947 | Lair:3   | Slain by a tarantella

Illustrated notes

Levels and vault maps discovered:
D:1:      wheals_arrival_linesprint, layout_basic
D:2:      layout_basic, elyvilon_altar_1, uniq_natasha, uniq_robin
D:3:      layout_loops_ring
D:4:      layout_loops_ring, uniq_blork_the_orc
D:5:      layout_loops_cross, minmay_temple_entry_from_below_a,
          portal_sewer_entry_a, uniq_eustachio
D:6:      layout_cave_pools, serial_shops, nicolae_shop_behind_doors,
          okawaru_ov_weapons_minmay
D:7:      layout_basic, basic_altar, bloody_trog
D:8:      layout_loops_corners
D:9:      layout_long_grid, uniq_harold
D:10:     layout_stronghold, basic_altar, uniq_erolcha
D:11:     layout_loops_ring, lair_entry_dummy, erik_orc_3
D:12:     layout_stronghold, enter_trove_1, uniq_snorg
D:13:     kennysheep_windowed_halls, layout_stronghold, grunt_ogre_cave
D:14:     layout_basic, skrybe_vaults_entry_preservation, minmay_holes,
          special_room [special_room_bee]
Temple:   nicolae_temple_the_god_donut
Lair:1:   layout_cave_shapes, uniq_nergalle, uniq_sonja
Lair:2:   layout_cave_pods, minmay_swamp_entry_worms, lemuel_oklob_altar
Lair:3:   layout_big_grid, spider_nest_entry_webs, gauntlet_entry_generic,
          ebering_ghost_rock_garden, eino_small_chamber_without_monster
Lair:4:   layout_loops_ring, uniq_nessos
Lair:5:   layout_gridlike, serial_bayou_shore_a
Lair:6:   wormcave, layout_gridlike, hangedman_lair_caniforms_friends,
          nicolae_slime_entry_slimehenge
Swamp:1:  layout_falls_marsh, serial_swamp_ruin, evilmike_swamp_ruin_house_4,
          evilmike_swamp_ruin_house_1
Swamp:2:  layout_basic_swamp, gammafunk_ghost_split, evilmike_swamp_ruin_wall,
          swamp_pool1
Swamp:3:  layout_falls_marsh, hangedman_swamp_blocks, uniq_aizul
Swamp:4:  swamp_basic_johnstein, layout_basic_swamp, swamp_pool4,
          lightli_tree_ring, uniq_roxanne
Spider:1: layout_spider_delve, uniq_jorgrun, uniq_donald
Orc:1:    layout_caves, mines_bat_river
Orc:2:    st_orc_ogre_mass, layout_caves

Skill      XL: |  1  2  3  4  5  6  7  8  9 10 11 12 13 14 15 16 17 |
---------------+----------------------------------------------------+-----
Short Blades   | 5 6 7 9 10 12 | 12.0
Stealth        | 8 9 10 11 12 | 12.0
Evocations     | 1 3 4 6 9 |  9.0
Throwing       | 2 3 4 |  4.0
Dodging        | 4 5 7 9 11 13 14 15 | 15.8
Fighting       | 4 5 6 9 10 12 13 14 | 14.8
Invocations    | 3 4 7 9 11 12 13 14 | 14.2
Shields        | 2 5 |  5.9
Maces & Flails | 7 12 | 12.4

Action                   |  1- 3 |  4- 6 |  7- 9 | 10-12 | 13-15 | 16-18 || total
-------------------------+-------+-------+-------+-------+-------+-------++-------
Melee: Short sword       |     1 |    78 |   200 |   370 |  1020 |   146 ||  1815
       Dagger            |       |    34 |   283 |       |       |       ||   317
       Eveningstar       |       |       |       |       |       |  1050 ||  1050
Throw: Dart              |       |       |   167 |    46 |   143 |    64 ||   420
Invok: Stomp             |       |       |       |     2 |       |       ||     2
       Grand Finale      |       |       |       |       |     1 |       ||     1
Evoke: Wand              |       |     4 |       |     2 |    11 |     8 ||    25
       Tin of tremorston |       |       |       |       |     4 |     4 ||     8
       Condenser vane    |       |       |       |       |     1 |       ||     1
  Use: Scroll            |       |       |    12 |    11 |     4 |    17 ||    44
       Potion            |       |       |       |       |     2 |     6 ||     8
 Stab: Sleeping          |     1 |     6 |    34 |    25 |    32 |    37 ||   135
       Distracted        |       |       |     3 |     2 |     2 |     6 ||    13
       Paralysed         |       |       |     5 |    18 |    74 |    91 ||   188
       Invisible         |       |       |       |     2 |       |       ||     2
       Confused          |       |       |       |       |       |     2 ||     2
Armor: Leather armour    |       |     7 |       |       |       |       ||     7
       Ring mail         |       |    10 |   102 |    56 |   156 |   310 ||   634
Dodge: Dodged            |       |    69 |   232 |   270 |   833 |  1339 ||  2743
Block: Buckler           |       |       |       |       |    26 |   458 ||   484
       Kite shield       |       |       |       |       |       |    55 ||    55

Table legend: (Time is in decaauts)
 A = Elapsed time spent in this place.
 B = Non-inter-level travel time spent in this place.
 C = Inter-level travel time spent in this place.
 D = Time resting spent in this place.
 E = Time spent auto-exploring this place.
 F = Levels seen in this place.
 G = Mean time per level.
                   A        B        C        D        E       F      G
               +--------+--------+--------+--------+--------+-----+--------+
         Total |  32491 |  30758 |   1733 |   1806 |  22380 |  29 | 1120.4 |
       Dungeon |  16127 |  15049 |   1078 |    314 |  12067 |  14 | 1151.9 |
        Temple |    363 |    338 |     25 |      0 |    260 |   1 |  363.0 |
          Lair |   6790 |   6434 |    356 |    491 |   4866 |   6 | 1131.7 |
         Swamp |   6590 |   6450 |    140 |    804 |   4079 |   4 | 1647.5 |
   Spider Nest |     87 |     87 |      0 |      0 |      4 |   1 |   87.0 |
  Orcish Mines |   1939 |   1807 |    132 |    154 |   1022 |   2 |  969.5 |
      Gauntlet |    591 |    591 |      0 |     43 |     81 |   1 |  591.0 |
               +--------+--------+--------+--------+--------+-----+--------+

Top non-repeatable levels by time:
 Swamp:4: 2104 daAuts
  Lair:6: 2019 daAuts
 Swamp:3: 1583 daAuts
 Swamp:1: 1583 daAuts
     D:5: 1476 daAuts
     D:2: 1420 daAuts
    D:13: 1407 daAuts
    D:11: 1399 daAuts
    D:14: 1369 daAuts
   Orc:2: 1339 daAuts
 Swamp:2: 1319 daAuts
  Lair:2: 1304 daAuts
     D:4: 1286 daAuts
  Lair:3: 1231 daAuts
  Lair:5: 1221 daAuts
